 Dungeon Crawl Stone Soup version 0.27-a0-1431-gcffa5a9b16 (webtiles) character file.

Game seed: 15906731751552212882

1912 lmSkywalker the Skirmisher (level 8, -10/65 HPs)
             Began as a Demonspawn Berserker on July 2, 2021.
             Was an Elder of Trog.
             Mangled by Menkaure (19 damage)
             ... on level 6 of the Dungeon.
             The game lasted 00:15:32 (6104 turns).

lmSkywalker the Skirmisher (Demonspawn Berserker)   Turns: 6104, Time: 00:15:33

Health: -10/65     AC: 11    Str: 19    XL:     8   Next: 95%
Magic:  8/8        EV: 13    Int:  8    God:    Trog [****..]
Gold:   121        SH:  0    Dex: 14    Spells: 7/7 levels left

rFire    . . .     SeeInvis .   B - +6 halberd
rCold    . . .     Faith    +   (shield currently unavailable)
rNeg     . . .     Spirit   .   h - +0 ring mail
rPois    .         Reflect  .   (no helmet)
rElec    .         Harm     .   (no cloak)
rCorr    .         Rampage  .   f - +0 pair of gloves
Will     .....                  j - +0 pair of boots
Stlth    +.........             q - amulet of faith
HPRegen  0.20/turn              c - ring of flight
MPRegen  0.11/turn              (no ring)

@: on berserk cooldown, flying, slowed, very slow
A: talons 1, slimy green scales 2, demonic guardian 1
a: Renounce Religion, Berserk, Trog's Hand, Brothers in Arms


You were on level 6 of the Dungeon.
You worshipped Trog.
Trog was greatly pleased with you.
You visited 1 branch of the dungeon, and saw 6 of its levels.

You collected 254 gold pieces.
You spent 133 gold pieces at shops.

Inventory:

Hand Weapons
 i - a +4 spear
 B - a +6 halberd (weapon)
Missiles
 d - 6 boomerangs
 s - 29 poisoned darts (quivered)
 x - a throwing net
Armour
 b - a +0 animal skin
 f - a +0 pair of gloves (worn)
 h - a +0 ring mail (worn)
 j - a +0 pair of boots (worn)
 u - a +0 chain mail
 z - a +0 tower shield
Jewellery
 a - a ring of willpower
 c - a ring of flight (left hand)
 e - an amulet of the acrobat
 n - a +4 ring of evasion
 q - an amulet of faith (around neck)
Wands
 y - a wand of polymorph (6)
Scrolls
 k - a scroll of vulnerability
 p - 2 scrolls of identify
 r - a scroll of teleportation
 A - 2 scrolls of blinking
Potions
 g - 3 potions of heal wounds
 m - a potion of haste
 o - 2 potions of degeneration
 C - a potion of curing


   Skills:
 + Level 6.5 Fighting
 - Level 2.9 Maces & Flails
 + Level 5.0 Polearms
 + Level 5.5 Armour
 + Level 5.5 Dodging


You had 7 spell levels left.
You didn't know any spells.
Your spell library was empty.

Dungeon Overview and Level Annotations

Branches:
Dungeon (6/15)             Temple (0/1) D:6

Altars:
Makhleb
Xom
The Shining One

Shops:
D:4 ?   D:5 *

Annotations:
D:4 3 runed translucent doors, Orlauf's ghost, amateur DsGl
D:6 Dowan; Duvessa; Menkaure


Innate Abilities, Weirdness & Mutations

You have sharp toenails.
You are mostly covered in slimy green scales. (AC +3)
A weak demonic guardian rushes to your aid.


Message History

Your quasit closely misses the scorpion.
Your quasit claws the scorpion.
You slash the scorpion!
You kill the scorpion!
Trog accepts your kill.
Your Polearms skill increases to level 5!
You start resting.
Menkaure is nearby!
A red film seems to cover your vision as you go berserk!
You feel yourself moving faster!
You feel mighty!
Menkaure calls on the powers of darkness!
Your body is wracked with pain!
* * * LOW HITPOINT WARNING * * *
You swap places.
You feel a strong urge to attack something.
You see here a scorpion corpse.
Your quasit disappears in a puff of smoke!
Menkaure hits you!
* * * LOW HITPOINT WARNING * * *
A demonic guardian appears!
You are too injured to fight recklessly!
You barely miss Menkaure. Menkaure hits you but does no damage.
You puncture Menkaure!
Menkaure is moderately damaged.
You are no longer berserk.
You are exhausted.
You feel yourself slow down.
Your white imp gestures at Menkaure.
The puff of frost hits Menkaure.
Menkaure resists.
You hit Menkaure.
Menkaure is severely damaged.
Your white imp hits Menkaure.
Your white imp freezes Menkaure.
Menkaure resists.
Menkaure casts a spell at you. Pain shoots through your body!
* * * LOW HITPOINT WARNING * * *
A demonic guardian appears!
Your white imp hits Menkaure but does no damage.
Menkaure hits you!!
You die...

####.................##.
..........##..........#..
..........###.....##.........
..................##.... ....
.................##.........
....................# ..#
###................## ...+
#...###........5##_##...#..
#... ###....†@M5##'.......
#.. #....#....#..P.....
........#.......≈P....
.....####......P≈P....
.....#.......⌠..P..... ....
#................ ...#
#...?........#... ...
#........#....##..
...............# ..


You could see Menkaure (ally target), a friendly quasit (summoned) and a
friendly white imp (summoned).

Vanquished Creatures
  Pikel (D:4)
  Sigmund (D:4)
  A necrophage (D:4)
  A phantom (D:6)
  A lemure (D:4)
  A kobold brigand (D:6)
  4 scorpions
  4 wights (D:4)
  2 hounds (D:4)
  3 iron imps (D:4)
  3 orc priests
  A gnoll shaman (D:5)
  Natasha (D:4)
  3 iguanas (D:6)
  3 orc wizards
  2 hound skeletons
  A howler monkey zombie (D:5)
  9 gnolls
  2 adders (D:3)
  An ufetubus (D:5)
  2 worms (D:2)
  A dart slug (D:2)
  12 orcs
  7 bats
  10 endoplasms
  7 goblins
  3 hobgoblins
  7 jackals
  11 kobolds
  5 quokkas
  6 ball pythons
  A frilled lizard (D:3)
  10 rats
127 creatures vanquished.

Vanquished Creatures (others)
  2 plants (D:3)
2 creatures vanquished.

Grand Total: 129 creatures vanquished

Notes
Turn   | Place    | Note
-------+----------+-------------------------------------------
     0 | D:1      | lmSkywalker the Demonspawn Berserker began the quest for
                  | the Orb.
     0 | D:1      | Reached XP level 1. HP: 18/18 MP: 1/1
   261 | D:1      | Found a faded altar of an unknown god.
   395 | D:1      | Gained mutation: You are partially covered in slimy green
                  | scales. (AC +2) [demonic ancestry]
   395 | D:1      | Reached XP level 2. HP: 21/24 MP: 2/2
   995 | D:2      | Reached ** piety under Trog
  1061 | D:2      | Reached XP level 3. HP: 24/29 MP: 3/3
  1739 | D:2      | Reached skill level 1 in Polearms
  1808 | D:3      | Reached XP level 4. HP: 35/35 MP: 4/4
  2469 | D:3      | Gained mutation: You have sharp toenails. [demonic
                  | ancestry]
  2469 | D:3      | Reached XP level 5. HP: 15/42 MP: 5/5
  2917 | D:3      | Found a shimmering altar of Xom.
  3147 | D:4      | Noticed a necrophage
  3403 | D:4      | Noticed Sigmund
  3420 | D:4      | Killed Sigmund
  3421 | D:4      | Reached skill level 4 in Fighting
  3421 | D:4      | Reached XP level 6. HP: 48/48 MP: 6/6
  3790 | D:4      | Gained mutation: You are mostly covered in slimy green
                  | scales. (AC +3) [demonic ancestry]
  3790 | D:4      | Reached XP level 7. HP: 44/55 MP: 7/7
  3850 | D:4      | Noticed Pikel
  3879 | D:4      | Killed Pikel
  3880 | D:4      | Reached skill level 5 in Fighting
  3995 | D:4      | Gained mutation: A weak demonic guardian rushes to your
                  | aid. [demonic ancestry]
  3995 | D:4      | Reached XP level 8. HP: 61/63 MP: 8/8
  4307 | D:4      | Found a runed translucent gate.
  4308 | D:4      | Found a runed translucent gate.
  4309 | D:4      | Found a runed translucent gate.
  4314 | D:4      | Noticed Orlauf's ghost (amateur DsGl)
  4364 | D:4      | Reached *** piety under Trog
  4393 | D:4      | Noticed Natasha
  4399 | D:4      | Killed Natasha
  4483 | D:4      | Found Maoteoc's Magic Scroll Emporium.
  4486 | D:4      | Bought a scroll of blinking for 105 gold pieces
  4486 | D:4      | Bought a scroll of identify for 28 gold pieces
  4546 | D:4      | Found a burning altar of Makhleb.
  4696 | D:5      | Entered Level 5 of the Dungeon
  4783 | D:5      | Reached skill level 5 in Armour
  4783 | D:5      | Reached skill level 5 in Dodging
  4934 | D:5      | Reached skill level 6 in Fighting
  5124 | D:5      | Found Cyinwes's Assorted Antiques.
  5661 | D:6      | Found a staircase to the Ecumenical Temple.
  5662 | D:6      | Noticed Dowan
  5662 | D:6      | Noticed Duvessa
  6026 | D:6      | Reached **** piety under Trog
  6084 | D:6      | Noticed Menkaure
  6092 | D:6      | Reached skill level 5 in Polearms
  6104 | D:6      | Mangled by Menkaure

Illustrated notes

Levels and vault maps discovered:
D:1:      dpeg_arrival_ratfight, layout_basic,
          ebering_ecumenical_altar_abandoned
D:2:      layout_loops_ring
D:3:      layout_basic, marbit_many_paths, serial_forest,
          infiniplex_forest_lined_1, infiniplex_forest_end_1,
          infiniplex_forest_clump_curved, infiniplex_forest_straight_2,
          infiniplex_forest_clump_curved, infiniplex_forest_clump_small,
          infiniplex_forest_zigzag_1, infiniplex_forest_straight_4,
          minmay_crystal_water, chequers_serial_rivers_large_a
D:4:      layout_basic, demons_altar, ebering_ghost_rock_garden, serial_shops,
          kennysheep_mini_moat, item_on_display_a, uniq_sigmund, uniq_pikel,
          uniq_natasha
D:5:      layout_basic, serial_glass, glass_columns_a, glass_columns_c,
          serial_shops, shop
D:6:      layout_basic, tso_oasis_becter, worldfamousw_hep_ancestral_shrine,
          lemuel_zombie_altar_kikubaaqudgha, minmay_temple_entry_wispy,
          portal_sewer_entry_a, kennysheep_generic_room_9, uniq_duvessa,
          uniq_prince_ribbit1, uniq_menkaure

Skill      XL: |  1  2  3  4  5  6  7  8 |
---------------+-------------------------+-----
Armour         | 2 3 4 5 |  5.5
Dodging        | 2 3 4 5 |  5.5
Polearms       | 1 2 3 5 |  5.0
Fighting       | 4 5 6 |  6.5
Maces & Flails | |  2.9

Action                   |  1- 3 |  4- 6 |  7- 9 || total
-------------------------+-------+-------+-------++-------
Melee: Mace              |    38 |       |       ||    38
       Spear             |    80 |   107 |   146 ||   333
       Halberd           |       |       |    49 ||    49
Throw: Throwing net      |       |     1 |       ||     1
Invok: Berserk           |     1 |     4 |     8 ||    13
  Use: Scroll            |       |       |     9 ||     9
 Stab: Sleeping          |     1 |       |       ||     1
Armor: Animal skin       |    17 |       |       ||    17
       Ring mail         |    23 |    44 |    53 ||   120
Dodge: Dodged            |    63 |    50 |    80 ||   193

Table legend: (Time is in decaauts)
 A = Elapsed time spent in this place.
 B = Non-inter-level travel time spent in this place.
 C = Inter-level travel time spent in this place.
 D = Time resting spent in this place.
 E = Time spent auto-exploring this place.
 F = Levels seen in this place.
 G = Mean time per level.
                   A        B        C        D        E       F      G
               +--------+--------+--------+--------+--------+-----+--------+
         Total |   6236 |   5889 |    347 |   1596 |   3096 |   6 | 1039.3 |
       Dungeon |   6236 |   5889 |    347 |   1596 |   3096 |   6 | 1039.3 |
               +--------+--------+--------+--------+--------+-----+--------+

Top non-repeatable levels by time:
     D:3: 1673 daAuts
     D:4: 1174 daAuts
     D:5: 1141 daAuts
     D:2: 1050 daAuts
     D:1: 903 daAuts
     D:6: 292 daAuts
